 Dungeon Crawl Stone Soup version 0.31-a0-152-g6aa68a64a1 (webtiles) character file.

Game seed: 15686947910121921441

67 qw the Shooter (level 4, -3/28 HPs)
             Began as a Gargoyle Hunter on June 11, 2023.
             Slain by Sigmund
             ... wielding a +4 scythe of freezing
              (5 damage)
             ... on level 2 of the Dungeon.
             The game lasted 00:00:35 (1216 turns).

qw the Shooter (Gargoyle Hunter)                    Turns: 1216, Time: 00:00:35

Health: -3/28      AC:  8    Str: 14    XL:     4   Next: 18%
Magic:  4/4        EV: 10    Int: 10    God:
Gold:   29         SH:  0    Dex: 15    Spells: 3/3 levels left

rFire   . . .        Y - +0 shortbow
rCold   . . .        (shield currently unavailable)
rNeg    + . .        k - +0 ring mail
rPois   inf          (no helmet)
rElec   +            i - scarf {repulsion}
rCorr   .            (no gloves)
SInv    .            (no boots)
Will    .....        (no amulet) Stlth
                     (no ring)
HPRegen 0.24/turn    (no ring)
MPRegen 0.09/turn

%: repel missiles
@: confused
A: sickness immunity, AC +3, negative energy resistance 1, electricity
resistance, torment resistance 1, petrification resistance
a: no special abilities


You were on level 2 of the Dungeon.
You visited 1 branch of the dungeon, and saw 2 of its levels.

You collected 29 gold pieces.


Innate Abilities, Weirdness & Mutations

You are immune to sickness and miasma.
Your stone body is resilient. (AC +3)
You are immune to poison.
You resist negative energy. (rN+)
You are resistant to electric shocks. (rElec)
You are resistant to unholy torment.
You are immune to petrification.


   Skills:
 - Level 3.2 Fighting
 + Level 5.0 Ranged Weapons
 - Level 1.0 Armour
 - Level 1.5 Dodging
 - Level 1.1 Stealth


You had 3 spell levels left.
You didn't know any spells.
Your spell library was empty.

Inventory:

Hand Weapons
 j - a +1 sling of flaming
 Y - a +0 shortbow (weapon)
Armour
 i - a scarf of repulsion (worn)
 k - a +0 ring mail (worn)
Potions
 d - a potion of curing {unknown}
 l - a potion of might {unknown}
 n - a potion of lignification {unknown}

Dungeon Overview and Level Annotations

Branches:
Dungeon (2/15)

Altars:

Annotations:
D:2 Sigmund


Message History

The ball python hisses angrily.
The arrow hits the ball python.
You kill the ball python!
Sigmund the Dreaded comes into view.
He is wielding a +4 scythe of freezing and wearing a +2 robe of willpower.
You shoot an arrow. The arrow closely misses Sigmund.
Sigmund shouts!
You shoot an arrow. The arrow hits Sigmund!
Sigmund is moderately wounded.
You shoot an arrow. The arrow barely misses Sigmund.
Sigmund hits you from afar with a +4 scythe of freezing!
Sigmund freezes you.
You shoot an arrow. The arrow barely misses Sigmund.
You shoot an arrow.
The arrow hits Sigmund but does no damage.
Sigmund is moderately wounded.
Sigmund points at you and mumbles some strange words.
The magic dart hits you. Sigmund closely misses you.
You shoot an arrow.
The arrow hits Sigmund but does no damage.
Sigmund is moderately wounded.
You hear a shout!
A goblin comes into view. It is wielding a +0 dagger.
You shoot an arrow. The arrow closely misses Sigmund.
Sigmund barely misses you.
You shoot an arrow. The arrow closely misses Sigmund.
Sigmund hits you but does no damage.
You shoot an arrow.
The arrow hits the goblin but does no damage.
Sigmund gestures at you while chanting.
You are confused.
The goblin hits you with a +0 dagger.
Sigmund screams, "Only death can liberate you!"
Sigmund hits you from afar with a +4 scythe of freezing.
Sigmund freezes you. The goblin hits you with a +0 dagger.
The goblin closely misses you.
Sigmund hits you from afar with a +4 scythe of freezing.
Sigmund freezes you. The goblin hits you but does no damage.
Sigmund hits you from afar with a +4 scythe of freezing.
You die...

##.####..# #.
#..##.#... #
#...[<.....
#.###.#....
###.# # ...
#%..# ....
#%### .....
##.#####......
#....g@..$....
#..####...####
#..# @#.#
..... l# #
###... .#
#.... .> #.#.>
^. #. ### %.


You could see Sigmund, a goblin and a frilled lizard.

Vanquished Creatures
  2 adders (D:2)
  2 dart slugs (D:1)
  A bat (D:1)
  4 endoplasms (D:1)
  2 giant cockroaches (D:1)
  3 goblins (D:1)
  6 hobgoblins
  3 quokkas (D:1)
  6 ball pythons
  3 frilled lizards (D:1)
  6 kobolds (D:1)
  5 rats (D:1)
43 creatures vanquished.

Notes
Turn   | Place    | Note
-------+----------+-------------------------------------------
     0 | D:1      | qw the Gargoyle Hunter began the quest for the Orb.
     0 | D:1      | Reached XP level 1. HP: 12/12 MP: 1/1
     0 | D:1      | 0 ||| qw: Version: 0.2-a-29-gd901d54
     0 | D:1      | 0 ||| qw: Game counter: 4017
     0 | D:1      | 0 ||| qw: Always use a shield: true
     0 | D:1      | 0 ||| qw: God list: Okawaru
     0 | D:1      | 0 ||| qw: Allow faded altars: false
     0 | D:1      | 0 ||| qw: Do Orc after D:15 true
     0 | D:1      | 0 ||| qw: Do second Lair branch before Depths: true
     0 | D:1      | 0 ||| qw: Lair rune preference: random
     0 | D:1      | 0 ||| qw: Plans: Normal, Zot:1-4, Slime:5, God:TSO, Crypt,
                  | Tomb, Abyss, Pan, Hells, Win
     0 | D:1      | 0 ||| PLANNING D:1-11
    85 | D:1      | Reached XP level 2. HP: 17/17 MP: 2/2
   375 | D:1      | Reached XP level 3. HP: 21/21 MP: 3/3
   437 | D:1      | Reached skill level 5 in Ranged Weapons
  1083 | D:1      | 1083 ||| UPGRADING to scarf of repulsion.
  1088 | D:1      | 1088 ||| UPGRADING to +0 ring mail.
  1098 | D:1      | 1098 ||| DROPPING +0 leather armour.
  1099 | D:1      | 1099 ||| READING scroll labelled CEXAC UTWIUNI.
  1100 | D:1      | 1100 ||| READING scroll labelled ERE CEREASUDGH.
  1103 | D:1      | 1103 ||| READING scroll labelled NEDDOB HUSCH.
  1104 | D:1      | 1104 ||| READING scroll labelled MEINTIREH.
  1105 | D:1      | 1105 ||| DRINKING 2 green potions.
  1106 | D:1      | 1106 ||| DROPPING scroll of butterflies.
  1107 | D:1      | 1107 ||| DROPPING potion of brilliance.
  1115 | D:2      | Reached skill level 1 in Armour
  1180 | D:2      | Reached XP level 4. HP: 23/27 MP: 4/4
  1183 | D:2      | Reached skill level 3 in Fighting
  1203 | D:2      | Noticed Sigmund
  1213 | D:2      | HP: 7/28 [Sigmund/+4 scythe of freezing (1)]
  1214 | D:2      | HP: 3/28 [Sigmund/+4 scythe of freezing (3)]
  1216 | D:2      | Slain by Sigmund

Levels and vault maps discovered:
D:1:      amcnicky_arrival_double_pillar, layout_basic,
          dreamdust_princess_bridge, minmay_tetromino_i4
D:2:      layout_loops_ring, uniq_sigmund

Skill      XL: |  1  2  3  4 |
---------------+-------------+-----
Ranged Weapons | 5 |  5.0
Armour         | 1 |  1.0
Fighting       | 3 |  3.2
Dodging        | |  1.5
Stealth        | |  1.1

Action                     |  1- 3 |  4- 6 || total
---------------------------+-------+-------++-------
   Fire: Shortbow          |   138 |    13 ||   151
    Use: Scroll            |     4 |       ||     4
         Potion            |     1 |       ||     1
 Armour: Leather armour    |    25 |       ||    25
         Ring mail         |     2 |     3 ||     5
  Dodge: Dodged            |    46 |     5 ||    51

Table legend:
 A = Non-vault XP
 B = Vault XP
 C = Vault XP percentage of total XP
 D = Non-vault monster count
 E = Vault monster count
 F = Vault count percentage of total count
                 A         B        C        D         E       F
            +---------+---------+-------+---------+---------+-------
      Total |      90 |       7 |   7.2 |      40 |       3 |   7.0
            +---------+---------+-------+---------+---------+-------
        D:1 |      57 |       7 |  10.9 |      35 |       3 |   7.9
        D:2 |      33 |       0 |   0.0 |       5 |       0 |   0.0
            +---------+---------+-------+---------+---------+-------
